 Dungeon Crawl Stone Soup version 0.22.1-1-ga44c0e56f4 (webtiles) character file.

1399 Gunterle the Digger (level 8, -7/46 HPs)
             Began as an Octopode Earth Elementalist on Nov 9, 2018.
             Mangled by an orc warrior
             ... wielding a +0 mace
              (20 damage)
             ... on level 6 of the Dungeon.
             The game lasted 00:37:33 (6711 turns).

Gunterle the Digger (Octopode Earth Elementalist)   Turns: 6711, Time: 00:37:33

Health: -7/46      AC:  1    Str:  7    XL:     8   Next: 69%
Magic:  18/18      EV: 13    Int: 20    God:
Gold:   273        SH:  0    Dex: 12    Spells: 10/21 levels left

rFire    . . .     SeeInvis +   m - +0 dagger (venom)
rCold    . . .     Gourm    .   (no shield)
rNeg     . . .     Faith    .   (helmet restricted)
rPois    .         Spirit   .   (no amulet)
rElec    .         Reflect  .   A - ring of see invisible
rCorr    .         Harm     .   (no ring)
MR       .....                  (no ring)
Stlth    +++.......             (no ring)
HPRegen  0.15/turn              (no ring)
MPRegen  0.16/turn              (no ring)
                                (no ring)
                                (no ring)

@: no status effects
A: almost no armour, stealthy swim, amphibious, 8 rings, constrict 8, camouflage
1, gelatinous body 1
a: no special abilities


You were on level 6 of the Dungeon.
You were not hungry.

You visited 1 branch of the dungeon, and saw 6 of its levels.
You also visited: Sewer and Ossuary.

You collected 273 gold pieces.

Inventory:

Hand Weapons
 g - a +0 club
 m - a +0 dagger of venom (weapon)
 o - a +0 short sword
 p - a cursed -2 short sword
 r - a +1 spear of piercing
 u - a +1 morningstar of freezing
 x - a cursed -1 short sword
Missiles
 b - 9 stones (quivered)
Armour
 j - a +1 buckler
 z - a +0 shield
Jewellery
 A - a ring of see invisible (left tentacle)
Wands
 q - a wand of polymorph (8)
 H - a wand of acid (10)
Scrolls
 a - 7 scrolls of teleportation
 d - 4 scrolls of remove curse
 i - 2 scrolls of amnesia
 k - 2 scrolls of blinking
 s - a scroll of enchant weapon
 y - 3 scrolls of enchant armour
 B - 2 scrolls of fog
 D - 3 scrolls of fear
 G - a scroll of identify
Potions
 e - 6 potions of curing
 f - a potion of resistance {unknown}
 h - 3 potions of might
 l - 4 potions of heal wounds {unknown}
 n - 2 potions of mutation {unknown}
 t - 4 potions of magic {unknown}
 v - a potion of berserk rage {unknown}
 w - a potion of flight {unknown}
 C - 2 potions of ambrosia {unknown}
 E - a potion of haste {unknown}
Comestibles
 c - 14 rations


   Skills:
 - Level 2.0 Dodging
 - Level 2.6 Stealth
 + Level 7.0 Spellcasting
 - Level 1.0 Transmutations
 + Level 7.9 Earth Magic


You had 10 spell levels left.
You knew the following spells:

 Your Spells              Type           Power        Failure   Level  Hunger
a - Sandblast             Erth           #####.       1%          1    None
b - Stone Arrow           Conj/Erth      ###...       5%          3    #......
c - Lee's Rapid Deconstr  Erth           #####.....   10%         5    #####..
d - Passwall              Tmut/Erth      ####....     2%          2    None

Your spell library contained the following spells:

 Spells                   Type           Power        Failure   Level  Hunger
 Petrify                  Tmut/Erth      ####....     14%         4    ###....


Dungeon Overview and Level Annotations

Branches:
Dungeon (6/15)
 Temple: D:4-7

Altars:
Ashenzari
Dithmenos
Gozag
Kikubaaqudgha
Okawaru
Ru
Sif Muna
Trog
Uskayaw
Yredelemnul

Shops:
D:4 :[   D:6 *

Annotations:
D:2 1 runed door
D:4 Purgy


Innate Abilities, Weirdness & Mutations

You cannot wear most types of armour.
You are very stealthy in the water. (Stealth+)
You are amphibious.
You can wear up to eight rings at the same time.
You can use your tentacles to constrict eight enemies at once.
Your skin changes colour to match your surroundings (Stealth+).
Your rubbery body absorbs attacks. (AC +1, EV +1)


Message History

Press: ? - help, Shift-Dir - straight line, f/p - orc warrior
Aim: an orc warrior, wielding a mace and wearing a glowing plate armour The blast of sand hits the orc warrior.
The orc warrior is heavily wounded.
b - 9 stones The orc warrior hits you with a mace!
* * * LOW HITPOINT WARNING * * *
You feel better. The orc warrior misses you.
The orc priest casts a cantrip, but nothing happens.
The orc warrior looks more healthy.
The orc priest miscasts a cantrip.
The orc priest looks braver for a moment.
You see here 16 bolts.
The orc priest invokes the aid of Beogh against you.
Pain shoots through your body!
* * * LOW HITPOINT WARNING * * *
The orc priest calls upon Beogh to heal the orc warrior.
The orc warrior is healed somewhat.
You feel better. The orc warrior hits you with a mace!!
You die...

#.......##.# ###. #o#
#.⌠.⌠.⌠.##.# .# #.#
#.......##.#### .######.#
#<......†.....## ........#
#.......#......# ##.###.(#
#.⌠.⌠.⌠.#......## #..##..##
#.......#.##<...####.......##
#########.##........#######.#
#...## #.##@...##.#.o≈≈≈..#.
#...##.#.##o####.#..≈...≈..#
#...##.........o#...[._.≈...
##...####.........#..≈...≈..#
####....## ####.##..#.#..≈≈≈..#.
#........######.##.....#######..
#.≈≈.≈≈.........###.#...........
#.≈...≈..######## #.########...#
#.≈._.≈..# #.# #.###


You could see an orc warrior.

Vanquished Creatures
  3 slaves (D:6)
  2 phantoms (D:6)
  A centaur (D:6)
  A crocodile (Sewer)
  2 scorpions
  4 centaur zombies (Ossuary)
  3 hounds (D:5)
  A bullfrog zombie (D:6)
  A human zombie (D:2)
  3 orc priests
  5 orc wizards
  An iguana (D:4)
  Terence (D:3)
  A big kobold zombie (Ossuary)
  An ogre zombie (Ossuary)
  A hound skeleton (D:6)
  7 mummies (Ossuary)
  A howler monkey zombie (D:5)
  A howler monkey skeleton (D:6)
  A worker ant zombie (D:5)
  3 gnolls (D:6)
  3 adders
  A river rat (D:6)
  A shadow imp (D:6)
  4 oozes
  3 adder zombies (Ossuary)
  An adder skeleton (D:6)
  3 worms
  5 dart slugs
  6 leopard geckos
  17 orcs
  2 giant cockroaches
  3 goblins (D:1)
  7 hobgoblins
  6 jackals
  3 quokkas
  3 ball pythons
  5 bats
  10 frilled lizards
  A gnoll zombie (Ossuary)
  5 goblin zombies (Ossuary)
  3 hobgoblin zombies (Ossuary)
  A jackal zombie (D:2)
  8 kobolds
  7 kobold zombies (Ossuary)
  2 orc zombies (Ossuary)
  2 quokka zombies (Ossuary)
  5 rats
  A rat zombie (Ossuary)
162 creatures vanquished.

Notes
Turn   | Place    | Note
-------+----------+-------------------------------------------
     0 | D:1      | Gunterle the Octopode Earth Elementalist began the quest
                  | for the Orb.
     0 | D:1      | Reached XP level 1. HP: 11/11 MP: 3/3
   334 | D:1      | Reached XP level 2. HP: 17/17 MP: 5/5
   703 | D:1      | Reached XP level 3. HP: 21/21 MP: 6/6
   708 | D:1      | Learned a level 3 spell: Stone Arrow
  1381 | D:2      | Found a runed door.
  1381 | D:2      | Noticed a human
  1386 | D:2      | Found a basalt altar of Yredelemnul.
  1410 | D:2      | Reached XP level 4. HP: 10/27 MP: 1/8
  2643 | D:3      | Reached XP level 5. HP: 31/31 MP: 6/10
  2940 | D:3      | Reached skill level 5 in Earth Magic
  2959 | D:3      | Reached XP level 6. HP: 36/36 MP: 8/12
  2971 | D:3      | Noticed Terence
  3031 | D:3      | Learned a level 5 spell: Lee's Rapid Deconstruction
  3034 | D:3      | Learned a level 2 spell: Passwall
  3100 | D:3      | Killed Terence
  3274 | D:4      | Found Cifopp's Armour Shop.
  3321 | D:4      | Found Hoinnuma's Book Shoppe.
  3574 | D:4      | Noticed Purgy
  3717 | D:5      | Entered Level 5 of the Dungeon
  3717 | D:5      | Found an iron altar of Okawaru.
  3757 | D:5      | Found a shadowy altar of Dithmenos.
  3789 | D:5      | Reached XP level 7. HP: 36/41 MP: 9/14
  3802 | D:5      | Found a hide-covered altar of Uskayaw.
  3802 | D:5      | Noticed a hand axe
  3802 | D:5      | Noticed a dagger
  3848 | D:5      | Reached skill level 5 in Spellcasting
  4045 | D:5      | Found a deep blue altar of Sif Muna.
  4146 | D:5      | Found a sand-covered staircase.
  4163 | Ossuary  | Entered an ossuary
  5496 | Ossuary  | Reached XP level 8. HP: 44/46 MP: 12/17
  5685 | D:6      | Found Gozag's Platinum Reserve.
  5685 | D:6      | Found an opulent altar of Gozag.
  5746 | D:6      | Found an ancient bone altar of Kikubaaqudgha.
  5748 | D:6      | Found a bloodstained altar of Trog.
  5790 | D:6      | Found a shattered altar of Ashenzari.
  5860 | D:6      | Found a glowing drain.
  5864 | Sewer    | Entered a sewer
  6229 | D:6      | Found a sacrificial altar of Ru.
  6711 | D:6      | Mangled by an orc warrior

Skill      XL: |  1  2  3  4  5  6  7  8 |
---------------+-------------------------+-----
Spellcasting   | 3 4 6 7 |  7.0
Earth Magic    | 4 5 6 7 |  7.9
Dodging        | |  2.0
Stealth        | |  2.6
Transmutations | |  1.0

Action                   |  1- 3 |  4- 6 |  7- 9 || total
-------------------------+-------+-------+-------++-------
Melee: Dagger            |    37 |    63 |   158 ||   258
       Constrict         |     7 |    20 |    41 ||    68
       Tentacles         |     6 |    11 |    33 ||    50
       Spear             |       |       |     2 ||     2
 Cast: Sandblast         |    16 |    50 |    84 ||   150
  Use: Scroll            |     1 |     8 |     3 ||    12
       Potion            |       |       |     2 ||     2
 Stab: Sleeping          |     8 |     6 |    22 ||    36
  Eat: Chunk             |       |     5 |     6 ||    11
       Ration            |       |     1 |     1 ||     2
Armor: Skin              |     2 |     3 |     6 ||    11
Dodge: Dodged            |    20 |    41 |    73 ||   134
